 Dungeon Crawl Stone Soup version 0.30.0-19-g36f170ea60 (webtiles) character file.

Game seed: 18411038037184623052

1656361 mattengel8991 the Conqueror (level 26, 284/284 HPs)
             Began as an Armataur Berserker on May 22, 2023.
             Was an Elder of Trog.
             Escaped with the Orb
             ... and 3 runes on May 28, 2023!
             The game lasted 04:17:28 (70385 turns).

mattengel8991 the Conqueror (Armataur Berserker)   Turns: 70385, Time: 04:17:28

Health: 284/284    AC: 60    Str: 30    XL:     26   Next: 38%
Magic:  23/23      EV: 12    Int: 13    God:    Trog [****..]
Gold:   2835       SH: 12    Dex: 27    Spells: 25/25 levels left

rFire   + + .        K - +18 lance "Wyrmbane" {slay drac, rPois rF+ rC+ AC+3, @w1}
rCold   + + .        Q - +3 warlock's mirror {omnireflect}
rNeg    . . .        i - +9 scales of the Dragon King {rPois rF+ rC+ Will+}
rPois   +            o - +2 helmet {Int+3}
rElec   +            V - +4 dragonskin cloak
rCorr   .            n - +1 pair of gloves of Marbles {Str+4 Slay+2 SInv Stlth+}
SInv    +            k - +6 barding "Jiedear" {+Inv rPois rC- Will-}
Will    ++++.        T - amulet "Ecu Ruem" {Spirit Contam rElec Will+ Dex+9} Stlth
                     E - +4 ring of slaying
HPRegen 0.67/turn    I - ring of Amorality {rC+ Will+ Stlth+}
MPRegen 0.18/turn

%: reflection, guardian spirit, roll
@: studying Axes
A: large, rugged brown scales 3, deformed body, armoured tail, roll, long
tongue, awkward tongue, stinger 1, see invisible, agile 1, deterioration 1,
strong-willed 1, devolution 1
0: Orb of Zot
}: 3/15 runes: barnacled, silver, gossamer
a: Renounce Religion, Evoke Invisibility, Berserk, Trog's Hand, Brothers in Arms


You escaped.
You worshipped Trog.
Trog was greatly pleased with you.
You visited 10 branches of the dungeon, and saw 50 of its levels.
You visited the Abyss 1 time.
You visited 1 bazaar.
You also visited: Ice Cave and Wizlab.

You collected 8396 gold pieces.
You spent 5561 gold pieces at shops.

Inventory:

Hand Weapons
 j - a +9 antimagic demon trident {@w2}
 K - the +18 lance "Wyrmbane" (weapon) {slay drac, rPois rF+ rC+ AC+3, @w1}
   (You took it off Maggie on level 7 of the Dungeon)

   AC:        It affects your AC (+3).
   rF:        It protects you from fire.
   rC:        It protects you from cold.
   rPois:     It protects you from poison.
Missiles
 m - 4 curare-tipped darts
 q - 6 javelins
 s - 7 silver javelins
 A - 10 throwing nets
 X - 17 boomerangs (quivered)
 Y - 2 silver boomerangs
Armour
 i - the +9 scales of the Dragon King (worn) {rPois rF+ rC+ Will+}
   (You took it off a spriggan berserker on level 2 of the Depths)

   rF:        It protects you from fire.
   rC:        It protects you from cold.
   rPois:     It protects you from poison.
   Will:      It increases your willpower.
 k - the +6 barding "Jiedear" (worn) {+Inv rPois rC- Will-}
   (You acquired it on level 2 of the Spider Nest)

   rC:        It makes you vulnerable to cold.
   rPois:     It protects you from poison.
   +Inv:      It lets you turn invisible.
   Will:      It decreases your willpower.
 n - the +1 pair of gloves of Marbles (worn) {Str+4 Slay+2 SInv Stlth+}
   (You bought it in a shop on level 2 of the Orcish Mines)

   Str:       It affects your strength (+4).
   Slay:      It affects your accuracy & damage with ranged weapons and melee
   (+2).
   SInv:      It lets you see invisible.
   Stlth:     It makes you more stealthy.
 o - a +2 helmet of intelligence (worn)
 t - the +5 leather armour of the Furrier {Will+ Int-5 Slay+5}
   (You found it on level 4 of the Lair of Beasts)

   Int:       It affects your intelligence (-5).
   Slay:      It affects your accuracy & damage with ranged weapons and melee
   (+5).
   Will:      It increases your willpower.
 Q - the +3 warlock's mirror (worn) {omnireflect}
   (You bought it in a shop on level 5 of the Dungeon)

   Omnireflect: It can block and reflect piercing ranged attacks and magical
   attacks against the wielder's willpower.
 V - the +4 dragonskin cloak (worn)
   (You took it off Tiamat on level 5 of the Realm of Zot)

   Avatar's Aegis: It grants the wearer a chance to resist fire, cold, poison,
   electricity, acid, and negative energy.
Jewellery
 E - a +4 ring of slaying (left hand)
 G - a ring of ice
 I - the ring of Amorality (right hand) {rC+ Will+ Stlth+}
   (You bought it in a shop on level 4 of the Dungeon)

   [ring of willpower]

   rC:        It protects you from cold.
   Will:      It increases your willpower.
   Stlth:     It makes you more stealthy.
 J - the amulet of Bodily Harmony {RegenMP rElec rPois Regen+ Int-2}
   (You bought it in a shop on level 4 of the Dungeon)

   [amulet of magic regeneration]

   It increases your rate of magic regeneration.
   Int:       It affects your intelligence (-2).
   rElec:     It insulates you from electricity.
   rPois:     It protects you from poison.
   Regen:     It increases your rate of health regeneration.
 T - the amulet "Ecu Ruem" (around neck) {Spirit Contam rElec Will+ Dex+9}
   (You found it on level 2 of the Realm of Zot)

   [amulet of guardian spirit]

   It causes incoming damage to be divided between your reserves of health and
   magic.
   Dex:       It affects your dexterity (+9).
   rElec:     It insulates you from electricity.
   Contam:    It causes magical contamination when unequipped.
   Will:      It increases your willpower.
 U - the ring "Zaycukk" {rC+ rN++ rCorr Int+3 Dex+3}
   (You took it off an ancient champion on level 3 of the Crypt)

   [ring of protection from cold]

   Int:       It affects your intelligence (+3).
   Dex:       It affects your dexterity (+3).
   rC:        It protects you from cold.
   rN:        It greatly protects you from negative energy.
   rCorr:     It protects you from acid and corrosion.
Wands
 g - a wand of digging (2)
 u - a wand of roots (63)
 F - a wand of light (23)
 H - a wand of mindburst (41)
 R - a wand of charming (56)
 W - a wand of polymorph (43)
Scrolls
 c - 8 scrolls of enchant armour
 l - 6 scrolls of poison
 w - 3 scrolls of blinking
 x - 19 scrolls of teleportation
 z - 6 scrolls of immolation
 B - 9 scrolls of fear
 C - 5 scrolls of vulnerability
 L - 2 scrolls of silence
 M - 4 scrolls of fog
 N - 3 scrolls of summoning
Potions
 a - 2 potions of resistance
 b - 2 potions of invisibility
 d - 11 potions of heal wounds
 h - 3 potions of cancellation
 p - 11 potions of curing
 r - 4 potions of might
 D - 5 potions of berserk rage
 O - 7 potions of ambrosia
 P - 14 potions of attraction
 S - 6 potions of mutation
Miscellaneous
 e - a condenser vane
 f - a box of beasts
 v - a phial of floods


   Skills:
 O Level 27 Fighting
 - Level 8.2(8.7) Maces & Flails
 - Level 14.0(14.2) Polearms
 - Level 4.2(11.9) Staves
 - Level 16.7 Throwing
 - Level 22.6 Armour
 * Level 13.6 Dodging
 - Level 8.5 Stealth
 * Level 13.5 Shields
 * Level 10.0 Evocations


You had 25 spell levels left.
You didn't know any spells.
Your spell library was empty.

Dungeon Overview and Level Annotations

Branches:
Dungeon (15/15)            Temple (0/1) D:4            Lair (5/5) D:10
 Shoals (4/4) Lair:2       Spider (4/4) Lair:2        Slime (0/5) Lair:4
    Orc (2/2) D:10            Elf (3/3) Orc:2        Vaults (5/5) D:14
  Crypt (3/3) Vaults:2       Tomb (0/3) Crypt:3      Depths (4/4) D:15
    Zot (5/5) Depths:4      IceCv (visited)          WizLab (visited)

Altars:
Dithmenos
Elyvilon
Fedhas
Kikubaaqudgha
Nemelex Xobeh
Qazlal
Sif Muna
Uskayaw
Xom
Yredelemnul
The Shining One
Jiyva

Shops:
D:2 *   D:4 !=*   D:5 (*:[*   D:8 !   D:9 *   D:10 (   Orc:1 *   Orc:2 [([[
Elf:2 [   Shoals:1 **   Shoals:4 *   Depths:4 :!:=

Portals:
Hell: Depths:1 Depths:2 Depths:3 Depths:4
Abyss: Depths:1 Depths:2 Depths:3
Pandemonium: Depths:1 Depths:2 Depths:3
Ziggurat: Depths:3

Annotations:
D:10 1 transporter
D:11 6 transporters
Elf:2 3 runed translucent doors


Innate Abilities, Weirdness & Mutations

You are completely covered in rugged brown scales. (AC +3, +7% HP)
Armour fits poorly on your strangely shaped body.
You have a long armoured tail.
You roll when moving toward enemies. (Rampage)
Your long tongue fully drains potion bottles. (2x potion effects)
Your tongue gives you trouble enunciating. (1.5x scroll delay)
Your tail ends in a venomous barb.
You have supernaturally acute eyesight. (SInv)
You are agile. (Dex +4, Str/Int -1)
Your body sometimes deteriorates upon taking damage.
You are strong-willed. (Will+)
You have hidden genetic defects.


Message History

The chaos spawn is severely wounded.
You impale the chaos spawn!!
You kill the chaos spawn!
Trog accepts your kill.
The chaos spawn degenerates into a cloud of primal chaos!
Aiming: Dig
Press: ? - help, Shift-Dir - straight line A rock wall.
This square is covered in magical glow.
The rock shatters into small pieces.
There is a stone staircase leading up here.
You climb upwards.
There is a stone staircase leading down here.
There is a stone staircase leading up here.
You climb upwards.
There is a stone staircase leading down here.
You feel a little less mighty now.
An Orb Guardian comes into view.
There is an escape hatch in the ceiling here.
A mysterious force pulls you upwards. The hatch slams shut behind you.
An ice devil comes into view.
The ice devil moves out of view.
An orange demon comes into view.
Blink to where?
Press: ? - help, Dir - move target As you slowly read the scroll of blinking, it crumbles to dust.
The orange demon closely misses you.
You roll towards the orange demon!
You stick the orange demon like a pincushion!!!
The orange demon is severely wounded.
The orange demon stings you but does no damage.
The orange demon hits you but does no damage.
You puncture the orange demon! You tail-slap the orange demon!
You kill the orange demon!
Trog accepts your kill.
There is an open door here.
Blink to where?
Press: ? - help, Dir - move target As you slowly read the scroll of blinking, it crumbles to dust.
You have escaped!

.............#≈≈#.#..#..#.#≈≈.#.#
#...........4#≈≈#.#..#..#.#≈≈....
#...............'.+.8#8.+.+...###
#............#≈≈#.#..#..#.#≈≈.##.
#............#≈≈#.#..#..#.#≈≈....
#............#≈≈#.#.....#.#≈≈....
#............#≈##'###+###+##≈....
.............#≈#..+.....+..#≈..#.
#.############≈#@.#######.>#≈..#.
#.# #≈####≈≈≈≈≈####≈..#. #.#
#≈≈≈≈≈≈≈≈≈≈≈≈≈≈≈.... #.#
###...............## #.#
#)##.##.#######).. ###
##########.##.##.# #..#
#.............##.# #..#
#.########.##.##########..# #.#
#.##.##∩#∩#∩#.....


You could see an ice devil.

Vanquished Creatures
  A pandemonium lord (Depths:4)
  Tiamat (Zot:5)
  A dread lich (Crypt:3)
  8 orbs of fire
  An ancient lich (Zot:5)
  Mara (Shoals:4)
  2 juggernauts (Depths:2)
  Frederick (Crypt:2)
  Vv (Zot:1)
  2 Killer Klowns (Zot:5)
  3 curse toes
  Jory (Depths:3)
  A caustic shrike (Depths:2)
  13 golden dragons
  A profane servitor (Crypt:3)
  Arachne (Spider:4)
  A Hellbinder (WizLab)
  4 bone dragons (Depths:4)
  An electric golem (Zot:3)
  A Tzitzimitl (Depths:4)
  2 doom hounds
  7 liches
  Rupert (Spider:1)
  16 tentacled monstrosities
  A walking crystal tome (Depths:3)
  18 Orb Guardians
  Asterion (Depths:1)
  5 titans (Vaults:5)
  Grunn (Zot:1)
  A walking earthen tome (Depths:3)
  5 quicksilver dragons
  An Executioner (D:8)
  3 sphinxes
  A deep elf master archer (Elf:3)
  A kraken (Shoals:2)
  10 ancient champions
  10 death cobs
  Polyphemus (Shoals:3)
  6 tengu reavers
  2 revenants (Crypt:3)
  10 shadow dragons
  2 draconian monks
  13 fire giants
  7 draconian knights
  Donald (Shoals:3)
  Ilsuiw (Shoals:2)
  14 storm dragons
  12 deep elf sorcerers
  13 vault wardens
  3 iron dragons
  10 frost giants
  A balrug (Depths:1)
  7 emperor scorpions
  6 draconian scorchers
  11 ghouls
  2 orc warlords
  6 draconian annihilators
  7 ghost moths
  6 draconian shifters
  4 deep elf elementalists (Elf:3)
  3 spriggan defenders
  A curse skull (Crypt:2)
  8 draconian stormcallers
  2 war gargoyles
  A demonspawn blood saint (WizLab)
  5 reapers
  21 ironbound preservers
  2 broodmothers (Spider:4)
  A cacodemon (WizLab)
  22 very ugly things
  7 vampire knights
  2 juggernaut skeletons (Crypt:3)
  3 ironbound thunderhulks
  4 deep elf demonologists
  9 stone giants
  6 purple draconians
  9 dire elephants (Vaults:2)
  15 green draconians
  11 white draconians
  12 black draconians
  7 deep elf annihilators (Elf:3)
  2 lorocyprocas (WizLab)
  2 spectral titans (Crypt:3)
  A putrid mouth (Depths:4)
  3 spark wasps
  12 red draconians
  5 eidola
  6 yellow draconians
  15 ettins
  25 slime creatures
  7 deep elf death magi
  A green death (Crypt:2)
  10 jiangshi
  8 fire dragons
  12 merfolk impalers
  19 yaktaur captains
  An entropy weaver (shapeshifter) (Elf:3)
  10 great orbs of eyes
  9 ice dragons
  4 merfolk javelineers
  8 deep elf high priests
  6 entropy weavers
  30 vault guards
  2 hell beasts
  4 rakshasas
  A caustic shrike simulacrum (Crypt:3)
  A quicksilver dragon skeleton (Crypt:3)
  5 hydras
  10 ironbound frosthearts
  An ogre mage (Vaults:5)
  5 spriggan air magi
  2 radroaches
  A juggernaut simulacrum (Crypt:3)
  2 alligator snapping turtles (Shoals:4)
  3 satyrs
  5 merfolk avatars
  4 merfolk aquamancers
  2 spriggan skeletons (Crypt:3)
  3 two-headed ogres
  15 dancing weapons
  8 centaur warriors
  A fenstrider witch skeleton (Crypt:1)
  3 death knights
  4 catoblepae
  6 deep troll shamans
  A satyr (shapeshifter) (Crypt:2)
  14 death yaks
  3 boulder beetles
  2 tengu warriors
  9 vampire magi
  A titan zombie (Crypt:3)
  An Orb Guardian skeleton (Crypt:3)
  6 deep troll earth magi
  4 spriggan berserkers
  12 deep elf knights
  Sonja (Lair:5)
  2 skysharks
  7 soul eaters
  2 sun demons (WizLab)
  10 hell knights
  7 spriggans
  11 skeletal warriors
  A sixfirhy (WizLab)
  A goliath frog (Crypt:2)
  7 pharaoh ants
  2 iron trolls
  8 sea snakes
  3 shadow wraiths
  A bunyip zombie (Crypt:3)
  6 flayed ghosts
  4 glowing orange brains
  2 golden dragon zombies
  51 deep trolls
  A shadow demon (Depths:2)
  2 anaconda zombies
  12 orb spiders
  2 sun moths
  5 steelbarb worms
  3 bog bodies
  13 deep elf archers
  6 lindwurms
  A shadow dragon zombie (Depths:3)
  7 wizards
  6 harpies
  8 phantasmal warriors
  A golden dragon skeleton (Depths:2)
  2 anaconda skeletons (Crypt:3)
  3 orc knights
  An iron dragon zombie (Crypt:3)
  23 deep elf zephyrmancers
  A large abomination (Crypt:2)
  25 deep elf pyromancers
  2 oklob plants (Shoals:1)
  22 wolf spiders
  A shadow dragon skeleton (Crypt:1)
  A harpy (shapeshifter) (Elf:3)
  19 ironbound convokers
  14 necromancers
  14 cyclopes
  14 manticores
  5 orc sorcerers
  2 stone giant zombies (Crypt:3)
  31 ugly things
  13 fauns
  A spectral centaur (Crypt:3)
  14 merfolk sirens
  A dire elephant zombie (Crypt:3)
  A goliath frog skeleton (Crypt:3)
  28 moths of wrath
  A cyclops (shapeshifter) (Depths:3)
  A fire giant zombie (Depths:2)
  19 elephants
  An elephant (shapeshifter) (Vaults:5)
  Joseph (D:7)
  2 centaur zombies (Crypt:3)
  15 vault sentinels
  2 smoke demons
  5 torpor snails
  9 water nymphs
  10 demonic crawlers
  2 rust devils (WizLab)
  A titan simulacrum (Depths:3)
  2 black mambas
  A stone giant skeleton (Depths:2)
  An ice statue (IceCv)
  A guardian serpent (shapeshifter) (D:14)
  A gargoyle (D:14)
  5 cane toads
  A centaur skeleton (Crypt:1)
  A shock serpent skeleton (Crypt:2)
  A naga skeleton (Crypt:1)
  5 orange demons
  An orb spider zombie (Crypt:1)
  Maggie (D:7)
  3 hellions (WizLab)
  An unseen horror zombie (Crypt:2)
  5 freezing wraiths
  A swamp worm zombie (Crypt:3)
  An unseen horror (Crypt:2)
  8 komodo dragons
  5 rime drakes
  3 ice devils
  An anaconda simulacrum (IceCv)
  33 yaktaurs
  4 tormentors
  5 efreet
  6 tengu conjurers
  4 trolls
  A minotaur skeleton (Crypt:3)
  3 harpy zombies
  A black draconian skeleton (Crypt:1)
  12 meliai
  20 merfolk
  A golden dragon simulacrum (Crypt:3)
  A red devil (WizLab)
  5 polar bears
  6 hellwings
  5 wind drakes
  A wind drake (shapeshifter) (D:15)
  16 blink frogs
  8 hornets
  3 harpy skeletons (Crypt:3)
  10 dream sheep
  11 tarantellas
  A snapping turtle (shapeshifter) (Vaults:5)
  An ettin zombie (Crypt:3)
  A guardian serpent zombie (Crypt:1)
  A fire dragon zombie (Crypt:1)
  A hydra skeleton (Crypt:3)
  A slime creature (shapeshifter) (Vaults:5)
  32 jumping spiders
  17 culicivoras
  5 snapping turtles
  2 air elementals
  6 wraiths
  2 centaur simulacra
  4 wyverns
  2 ynoxinuls
  A shadow (D:12)
  A small abomination (Crypt:2)
  3 vampires (Crypt:3)
  3 fire elementals
  22 water elementals
  A black mamba skeleton (Crypt:3)
  A tyrant leech zombie (Crypt:3)
  66 yaks
  6 vampire mosquitoes
  A hog (shapeshifter) (D:14)
  2 ettin skeletons (Crypt:3)
  2 golden eyes (D:8)
  54 redbacks
  3 basilisks
  8 chaos spawn
  Edmund (D:5)
  A naga zombie (Crypt:3)
  2 harpy simulacra (IceCv)
  2 acid dragons
  3 death yak simulacra (IceCv)
  A water moccasin (shapeshifter) (Vaults:5)
  6 wargs
  22 water moccasins
  A hydra simulacrum (IceCv)
  Duvessa (D:7)
  44 orc warriors
  A black bear (shapeshifter) (D:15)
  An ice beast (D:8)
  3 sky beasts
  4 black bears
  5 ogres
  A black mamba simulacrum (Crypt:3)
  4 centaurs
  An ettin simulacrum (Crypt:3)
  5 boggarts (Vaults:2)
  18 wolves
  A blink frog skeleton (Crypt:2)
  4 phantoms
  A lindwurm skeleton (Crypt:3)
  2 kobold brigands
  17 bullfrogs
  8 scorpions
  A rime drake skeleton (Crypt:3)
  2 gnoll sergeants
  A salamander skeleton (Crypt:3)
  2 cane toad simulacra (IceCv)
  2 necrophages
  5 two-headed ogre simulacra (IceCv)
  A draconian skeleton (Crypt:1)
  An earth elemental (Elf:2)
  7 wights
  A water moccasin skeleton (Crypt:3)
  Dowan (D:7)
  A cyclops skeleton (Crypt:3)
  2 elephant simulacra (IceCv)
  A troll zombie (Crypt:2)
  A polar bear zombie (Crypt:1)
  7 howler monkeys
  A black bear zombie (Crypt:2)
  8 jellies
  28 orc priests
  3 sleepcaps
  3 iguanas
  26 orc wizards
  A hell rat (Crypt:2)
  4 spriggan simulacra (IceCv)
  2 troll simulacra (IceCv)
  3 polar bear simulacra (IceCv)
  A wolf simulacrum (IceCv)
  An acid dragon zombie (Crypt:1)
  A sky beast zombie (Crypt:2)
  9 adders
  13 gnolls
  7 naga simulacra (IceCv)
  A shadow imp (D:7)
  23 white imps
  7 ufetubi
  4 dart slugs
  111 orcs
  6 ball pythons
  10 bats
  8 endoplasms
  4 giant cockroaches
  7 goblins
  7 hobgoblins
  4 jackals (D:4)
  A quokka (D:4)
  8 frilled lizards
  A hobgoblin skeleton (Crypt:2)
  21 kobolds
  An orc skeleton (Crypt:1)
  6 rats
  A spectral weapon (Depths:1)
2256 creatures vanquished.

Vanquished Creatures (collateral kills)
  An orb of fire (Zot:5)
  An ancient lich (Zot:5)
  A Tzitzimitl (Depths:4)
  3 ironbound preservers (Vaults:5)
  4 stone giants
  3 very ugly things
  A war gargoyle (Vaults:1)
  A caustic shrike skeleton (Crypt:3)
  2 spriggan zombies (Crypt:3)
  A jiangshi (Crypt:3)
  A yaktaur captain (Vaults:1)
  A skeletal warrior (Crypt:3)
  An anaconda zombie (Crypt:3)
  A phantasmal warrior (Vaults:5)
  An ugly thing (Depths:2)
  A rust devil (WizLab)
  An ice devil (WizLab)
  A harpy zombie (Crypt:3)
  9 merfolk (Shoals:3)
  A red devil (WizLab)
  2 hellwings (WizLab)
  A hornet (Depths:2)
  A centaur simulacrum (Crypt:3)
  A redback (Spider:1)
  A swamp dragon simulacrum (Crypt:3)
42 creatures vanquished.

Vanquished Creatures (others)
  A tentacled monstrosity (Vaults:5)
  A deep elf blademaster (Elf:3)
  2 shadow dragons (Vaults:5)
  A fire giant (Depths:3)
  A draconian scorcher (Zot:3)
  An ettin (Vaults:5)
  A vault guard (Vaults:5)
  A deep elf high priest (Elf:3)
  A deep elf knight (Elf:2)
  A glowing orange brain (shapeshifter) (Vaults:5)
  A harpy (Shoals:4)
  A deep elf pyromancer (Elf:1)
  A phantasmal warrior (Vaults:5)
  A vault sentinel (Vaults:5)
  A redback (shapeshifter) (Vaults:5)
  An orc warrior (D:15)
  4 tentacles (Shoals:2)
21 creatures vanquished.

Grand Total: 2319 creatures vanquished

Notes
Turn   | Place    | Note
-------+----------+-------------------------------------------
     0 | D:1      | mattengel8991 the Armataur Berserker began the quest for
                  | the Orb.
     0 | D:1      | Reached XP level 1. HP: 19/19 MP: 1/1
   201 | D:1      | Reached XP level 2. HP: 26/26 MP: 2/2
   226 | D:1      | Found a faded altar of an unknown god.
   715 | D:1      | Reached skill level 3 in Fighting
   859 | D:2      | Reached skill level 1 in Stealth
   859 | D:2      | Reached XP level 3. HP: 33/33 MP: 3/3
   901 | D:2      | Found Bezi Rou's Assorted Antiques.
   980 | D:2      | Reached ** piety under Trog
  1224 | D:2      | Reached XP level 4. HP: 40/40 MP: 4/4
  1425 | D:3      | Reached skill level 1 in Staves
  1571 | D:3      | Reached XP level 5. HP: 48/48 MP: 5/5
  1975 | D:3      | Found a blossoming altar of Fedhas.
  1975 | D:3      | Found a shadowy altar of Dithmenos.
  2002 | D:4      | Found Izesaidgh's Jewellery Shop.
  2002 | D:4      | Found Xoal's General Store.
  2004 | D:4      | Reached skill level 1 in Shields
  2072 | D:4      | Reached XP level 6. HP: 34/54 MP: 6/6
  2111 | D:4      | Reached *** piety under Trog
  2330 | D:2      | Bought a masterwork whip for 225 gold pieces
  2330 | D:2      | Identified the +6 whip of the Burning God {speed, rPois}
                  | (You bought it in a shop on level 2 of the Dungeon)
  2656 | D:4      | Found Yfyth's Distillery.
  2657 | D:4      | Found a staircase to the Ecumenical Temple.
  2678 | D:4      | Reached XP level 7. HP: 33/62 MP: 7/7
  2912 | D:5      | Entered Level 5 of the Dungeon
  2912 | D:5      | Noticed Edmund
  2912 | D:5      | Found Tacugh's Book Shoppe.
  2942 | D:5      | Killed Edmund
  3074 | D:5      | Reached skill level 4 in Fighting
  3074 | D:5      | Reached skill level 5 in Stealth
  3356 | D:5      | Found Uskoah's Armour Emporium.
  3374 | D:5      | Found Meriese's Assorted Antiques.
  3489 | D:5      | Reached skill level 5 in Maces & Flails
  3489 | D:5      | Reached skill level 5 in Armour
  3493 | D:5      | Reached XP level 8. HP: 66/70 MP: 8/8
  3648 | D:5      | Found Etiqor's General Store.
  3718 | D:5      | Reached **** piety under Trog
  3891 | D:5      | Found Jaedgh's Antique Weapon Emporium.
  4609 | D:6      | Reached XP level 9. HP: 77/77 MP: 9/9
  5392 | D:7      | Noticed Maggie
  5392 | D:7      | Noticed Joseph
  5721 | D:8      | Reached skill level 5 in Shields
  6364 | D:8      | Found Fucystru's Distillery.
  6373 | D:8      | Bought a potion of heal wounds for 60 gold pieces
  6521 | D:8      | Found a stormy altar of Qazlal.
  6615 | D:9      | Reached skill level 5 in Fighting
  6815 | D:9      | Found Yzedwog's Lightly-Used Armoury.
  7111 | D:9      | Reached XP level 10. HP: 86/86 MP: 10/10
  7238 | D:10     | Entered Level 10 of the Dungeon
  7388 | D:10     | Found a transporter.
  7646 | D:10     | Found a hide-covered altar of Uskayaw.
  8036 | D:10     | Reached ***** piety under Trog
  8040 | D:10     | Found a staircase to the Orcish Mines.
  8040 | D:10     | Found Jeocoabaji's Weapon Shoppe.
  8144 | D:10     | Found a staircase to the Lair.
  8177 | D:10     | Reached skill level 6 in Fighting
  8897 | D:7      | Noticed Duvessa
  8897 | D:7      | Noticed Dowan
  8912 | D:7      | Killed Duvessa
  8916 | D:7      | Killed Dowan
  8933 | D:7      | Killed Joseph
  8948 | D:7      | Killed Maggie
  8949 | D:7      | Reached skill level 1 in Evocations
  8959 | D:7      | Noticed a two-headed ogre
  8970 | D:7      | Killed a two-headed ogre
  8971 | D:7      | Reached skill level 1 in Throwing
  8971 | D:7      | Reached skill level 10 in Armour
  8971 | D:7      | Reached XP level 11. HP: 97/97 MP: 11/11
  9319 | Lair:1   | Entered Level 1 of the Lair of Beasts
  9464 | Lair:1   | Reached skill level 1 in Polearms
  9722 | Lair:1   | Reached skill level 7 in Fighting
  9953 | Lair:1   | Received a gift from Trog
 10045 | Lair:1   | Reached skill level 5 in Polearms
 10532 | Lair:1   | Reached XP level 12. HP: 36/107 MP: 12/12
 11741 | D:5      | Bought the +3 warlock's mirror {omnireflect} for 520 gold
                  | pieces
 11741 | D:5      | Found the +3 warlock's mirror {omnireflect}
 12030 | Lair:2   | Found a hole to the Spider Nest.
 12504 | Lair:2   | Found a staircase to the Shoals.
 12932 | Lair:2   | Noticed a boulder beetle
 12969 | Lair:2   | Killed a boulder beetle
 13704 | Lair:3   | Reached skill level 8 in Fighting
 13929 | Lair:3   | Noticed an eight-headed hydra
 13939 | Lair:3   | Killed an eight-headed hydra
 14709 | Lair:3   | Reached skill level 5 in Evocations
 15053 | Lair:4   | Noticed a six-headed hydra
 15104 | Lair:4   | Killed a six-headed hydra
 15114 | Lair:4   | Reached XP level 13. HP: 83/114 MP: 13/13
 15269 | Lair:4   | Identified the +5 leather armour of the Furrier {Will+
                  | Int-5 Slay+5}
 15588 | Lair:4   | Reached skill level 10 in Polearms
 15677 | Lair:4   | Found a viscous altar of Jiyva.
 15695 | Lair:4   | Found a staircase to the Slime Pits.
 15955 | Lair:5   | Entered Level 5 of the Lair of Beasts
 16048 | Lair:5   | Reached skill level 5 in Throwing
 16548 | Lair:5   | Received a gift from Trog
 16579 | Lair:5   | Reached skill level 9 in Fighting
 17239 | Lair:5   | Noticed Sonja
 17278 | Lair:5   | Reached XP level 14. HP: 110/126 MP: 14/14
 17382 | Lair:5   | Killed Sonja
 17752 | Orc:1    | Entered Level 1 of the Orcish Mines
 18020 | Orc:1    | Found Focvorchi's General Store.
 18040 | Orc:1    | Bought a +1 pair of gloves of strength for 231 gold pieces
 18040 | Orc:1    | Bought a scroll of immolation for 56 gold pieces
 18059 | Orc:1    | Found a shimmering altar of Xom.
 18334 | Orc:2    | Entered Level 2 of the Orcish Mines
 18377 | Orc:2    | Paralysed by an orc sorcerer for 4 turns
 18387 | Orc:2    | Reached skill level 10 in Fighting
 18906 | Orc:2    | Noticed Maurice
 18917 | Orc:2    | Maurice changed into Maurice the scorpion
 18917 | Orc:2    | Noticed Maurice
 18924 | Orc:2    | Killed Maurice the scorpion
 18992 | Orc:2    | Found a staircase to the Elven Halls.
 19075 | Orc:2    | Reached ****** piety under Trog
 19077 | Orc:2    | Identified the +2 lajatang "Hujiema" {flame, Dex+3 Stlth+}
                  | (Trog gifted it to you on level 2 of the Orcish Mines)
 19077 | Orc:2    | Received a gift from Trog
 19096 | Orc:2    | Found Veptuegh's Antique Armour Boutique.
 19133 | Orc:2    | Found Qijaj's Armour Boutique.
 19563 | Orc:2    | Noticed an orc warlord
 19576 | Orc:2    | Received a gift from Trog
 19586 | Orc:2    | Killed an orc warlord
 19595 | Orc:2    | Found Ruaffab's Antique Weapon Emporium.
 19699 | Orc:2    | Found Fuoroni's Antique Armour Shoppe.
 19714 | Orc:2    | Bought a pair of pitted gloves for 247 gold pieces
 19714 | Orc:2    | Identified the +1 pair of gloves of Marbles {Str+4 Slay+2
                  | SInv Stlth+} (You bought it in a shop on level 2 of the
                  | Orcish Mines)
 19948 | D:4      | Bought the ring of Amorality {rC+ Will+ Stlth+} for 543
                  | gold pieces
 20245 | D:11     | Found a transporter.
 20251 | D:11     | Found a transporter.
 20423 | D:11     | Found a transporter.
 20425 | D:11     | Found a transporter.
 20452 | D:11     | Found a transporter.
 20453 | D:11     | Found a transporter.
 21154 | D:12     | Found a sparkling altar of Nemelex Xobeh.
 21228 | D:12     | Reached skill level 11 in Fighting
 21619 | D:13     | Found a frozen archway.
 21648 | IceCv    | Entered an ice cave
 21800 | IceCv    | Received a gift from Trog
 22189 | IceCv    | Noticed a reaper
 22199 | IceCv    | Killed a reaper
 22252 | IceCv    | Identified the +6 spear of Stained Blind Justice {drain,
                  | rPois Str-3 Dex+5 SInv}
 22730 | D:13     | You fall into a shaft and drop 2 floors!
 22730 | D:15     | Entered Level 15 of the Dungeon
 22821 | D:14     | Reached XP level 15. HP: 92/139 MP: 15/15
 23911 | D:14     | Found a gate to the Vaults.
 24306 | Spider:1 | Entered Level 1 of the Spider Nest
 24322 | Spider:1 | Noticed Rupert
 24332 | Spider:1 | Reached skill level 5 in Dodging
 24348 | Spider:1 | Killed Rupert
 24349 | Spider:1 | Reached skill level 12 in Fighting
 24361 | Spider:1 | Received a gift from Trog
 24361 | Spider:1 | Found the +7 staff of the Meek {protect, meekguard}
 26485 | Spider:2 | Identified a scroll of acquirement
 26493 | Spider:2 | Acquired the +6 barding "Jiedear" {+Inv rPois rC- Will-}
 26647 | Spider:2 | Received a gift from Trog
 27546 | Spider:2 | Reached XP level 16. HP: 136/150 MP: 5/16
 28637 | Spider:3 | Received a gift from Trog
 29317 | Spider:3 | Reached skill level 13 in Fighting
 29874 | Spider:4 | Entered Level 4 of the Spider Nest
 29880 | Spider:4 | Noticed Arachne
 29901 | Spider:4 | Killed Arachne
 30790 | Spider:4 | Received a gift from Trog
 31177 | Spider:4 | Reached skill level 14 in Fighting
 31499 | Spider:4 | Reached skill level 10 in Throwing
 31562 | Spider:4 | Got a gossamer rune of Zot
 32009 | D:4      | Bought a ring of flight for 227 gold pieces
 32009 | D:4      | Bought an amulet of reflection for 390 gold pieces
 32027 | D:4      | Upgraded the game from 0.30.0-17-ge0270778cf to
                  | 0.30.0-18-gc0e69614cb
 32241 | Shoals:1 | Entered Level 1 of the Shoals
 32363 | Shoals:1 | Found Gubbarr's Specific Store.
 32372 | Shoals:1 | Reached XP level 17. HP: 164/164 MP: 17/17
 32376 | Shoals:1 | Found Fiolas's General Store.
 32424 | Shoals:1 | Identified the +1 broad axe "Gublog" {flame, rElec Str+3}
 32606 | Shoals:1 | Identified the +3 leather armour of Card Tricks {*Corrode
                  | rElec rPois Dex+3}
 33448 | Shoals:2 | Received a gift from Trog
 33449 | Shoals:2 | Reached skill level 15 in Fighting
 34151 | Shoals:2 | Noticed Ilsuiw
 34414 | Shoals:2 | Killed Ilsuiw
 34662 | Shoals:2 | Noticed a kraken
 34686 | Shoals:2 | Killed a kraken
 35368 | Shoals:3 | Identified the +0 chain mail of Fiyriare {Will+ Int+2}
 35542 | Shoals:3 | Noticed Donald
 35549 | Shoals:3 | Reached skill level 16 in Fighting
 35873 | Shoals:3 | Noticed Polyphemus
 35891 | Shoals:3 | Killed Polyphemus
 35891 | Shoals:3 | Received a gift from Trog
 36100 | Shoals:3 | Killed Donald
 36855 | Shoals:4 | Entered Level 4 of the Shoals
 36855 | Shoals:4 | Found Apyten's Assorted Antiques.
 36867 | Shoals:4 | Bought 2 green potions for 66 gold pieces
 36867 | Shoals:4 | Bought a scroll of identify for 74 gold pieces
 38105 | Shoals:4 | Identified the staff of cold "Eledan" {*Corrode rElec rC+
                  | Int+2 Stlth+}
 38123 | Shoals:4 | Noticed Mara
 38155 | Shoals:4 | Killed Mara
 38156 | Shoals:4 | Reached skill level 17 in Fighting
 38156 | Shoals:4 | Reached XP level 18. HP: 82/180 MP: 6/18
 38237 | Shoals:4 | Received a gift from Trog
 39277 | Shoals:4 | Got a barnacled rune of Zot
 39585 | Elf:1    | Entered Level 1 of the Elven Halls
 39869 | Elf:1    | Received a gift from Trog
 39922 | Elf:1    | Reached skill level 18 in Fighting
 40645 | Elf:1    | Upgraded the game from 0.30.0-18-gc0e69614cb to
                  | 0.30.0-19-g36f170ea60
 40861 | Vaults:1 | Entered Level 1 of the Vaults
 41246 | Vaults:1 | Received a gift from Trog
 42861 | D:4      | Bought the amulet of Bodily Harmony {RegenMP rElec rPois
                  | Regen+ Int-2} for 572 gold pieces
 43734 | Elf:2    | Reached skill level 19 in Fighting
 43851 | Elf:2    | Found Veloicib's Antique Armour Boutique.
 43855 | Elf:2    | Received a gift from Trog
 43856 | Elf:2    | Reached XP level 19. HP: 170/194 MP: 19/19
 43986 | Elf:2    | Found a runed translucent gate.
 43986 | Elf:2    | Found a runed translucent gate.
 43986 | Elf:2    | Found a runed translucent gate.
 44753 | Vaults:2 | Found a staircase to the Crypt.
 44753 | Vaults:2 | Found an ancient bone altar of Kikubaaqudgha.
 44754 | Vaults:2 | Found a basalt altar of Yredelemnul.
 45060 | Vaults:2 | Received a gift from Trog
 45942 | Vaults:2 | Identified the +1 leather armour of Tomorrow {Dex+2}
 46432 | Vaults:3 | Found a magical portal.
 46437 | WizLab   | Entered The Hall of the Hellbinder
 46585 | WizLab   | Received a gift from Trog
 46760 | WizLab   | Noticed Caetiehe
 46788 | WizLab   | Killed Caetiehe the Hellbinder
 46948 | WizLab   | Found a burning altar of Makhleb.
 46959 | WizLab   | Identified the +7 demon blade "Gumuin" {pain, *Rage Str+4
                  | Int+3}
 46963 | WizLab   | Identified the ring "Ugiet" {Ice Will++ rCorr MP+9 Int-4}
 46964 | WizLab   | Identified the +3 cloak of Ypsaraw {rElec rCorr Str+2
                  | Dex-3}
 47398 | Vaults:3 | Reached skill level 20 in Fighting
 47605 | Vaults:3 | Identified the +4 eveningstar of the Crawling Thing {heavy,
                  | Dex+3 Stlth+} (Trog gifted it to you on level 3 of the
                  | Vaults)
 47605 | Vaults:3 | Received a gift from Trog
 47606 | Vaults:3 | Reached XP level 20. HP: 148/206 MP: 6/20
 48624 | Vaults:4 | Reached skill level 10 in Dodging
 48917 | Vaults:4 | Identified the +6 mace "Geddi" {flame, rCorr Str+2 Dex+4}
                  | (Trog gifted it to you on level 4 of the Vaults)
 48917 | Vaults:4 | Received a gift from Trog
 49816 | Crypt:1  | Entered Level 1 of the Crypt
 51016 | Crypt:2  | Received a gift from Trog
 51067 | Crypt:2  | Found a runed translucent gate.
 51067 | Crypt:2  | Found a runed translucent gate.
 51068 | Crypt:2  | Found a runed translucent gate.
 51482 | Crypt:2  | Noticed Frederick
 51506 | Crypt:2  | Killed Frederick
 52120 | Crypt:2  | Reached skill level 21 in Fighting
 52280 | Crypt:3  | Entered Level 3 of the Crypt
 52298 | Crypt:3  | Reached XP level 21. HP: 193/218 MP: 21/21
 52381 | Crypt:3  | Received a gift from Trog
 52885 | Crypt:3  | Noticed a dread lich
 52898 | Crypt:3  | Killed a dread lich
 52908 | Crypt:2  | Found a shimmering altar of Xom.
 53600 | Crypt:3  | Received a gift from Trog
 53684 | Crypt:3  | Noticed a curse toe
 53696 | Crypt:3  | Killed a curse toe
 53698 | Crypt:3  | Identified the +3 halberd of the Omega Point {flame, Contam
                  | Str+6}
 53851 | Crypt:3  | Identified the +1 lajatang of Ishruo {vamp, Str+3 Int+3}
 53852 | Crypt:3  | Identified the ring "Zaycukk" {rC+ rN++ rCorr Int+3 Dex+3}
 53867 | Crypt:3  | Noticed a profane servitor
 53879 | Crypt:3  | Identified the ring "Ekocw" {rPois Str+5 Dex+6 Slay-5 SInv}
 53885 | Crypt:3  | Killed a profane servitor
 53886 | Crypt:3  | Reached skill level 22 in Fighting
 53978 | Crypt:3  | Found a basalt altar of Yredelemnul.
 53981 | Crypt:3  | Found an ancient bone altar of Kikubaaqudgha.
 54322 | Crypt:3  | Found a staircase to the Tomb.
 54779 | Elf:3    | Entered Level 3 of the Elven Halls
 54795 | Elf:3    | Found a shimmering blue altar of Sif Muna.
 54885 | Elf:3    | Received a gift from Trog
 55000 | Elf:3    | Identified the +0 kite shield of the New World {rElec}
 55326 | Abyss:3  | Cast into level 3 of the Abyss (a deep elf sorcerer)
 55352 | Abyss:3  | Found a corrupted altar of Lugonu.
 55361 | Abyss:4  | Found a corrupted altar of Lugonu.
 55361 | Abyss:4  | Found a corrupted altar of Lugonu.
 55365 | Abyss:4  | Found a corrupted altar of Lugonu.
 55391 | Elf:3    | Escaped the Abyss
 55422 | Elf:3    | Identified the +7 trident "Ceiceasm" {heavy, rC+ Str-3
                  | Int+3 Dex+3}
 55422 | Elf:3    | Identified the +6 falchion of Insufficient Pleasure {pain,
                  | rC+ MP+9 Dex+3}
 55424 | Elf:3    | Identified the ring of Vocafiq {rPois Dex+4}
 55473 | Elf:3    | Reached XP level 22. HP: 114/231 MP: 12/22
 55593 | Elf:3    | Identified the +2 flail "Deka" {protect, Str+2 Dex+6
                  | Stlth-}
 55623 | Elf:3    | Identified the +6 great mace "Cuynig" {venom, rElec Dex+4}
 55693 | Elf:3    | Identified the +6 short sword "Lass" {flame, rN++}
 55765 | Elf:3    | Identified the +2 shortbow "Vepnaa" {freeze, rN++}
 56647 | D:5      | Bought a condenser vane for 1000 gold pieces
 56647 | D:5      | Bought a scroll of fog for 100 gold pieces
 57106 | Vaults:5 | Entered Level 5 of the Vaults
 57118 | Vaults:5 | Reached skill level 23 in Fighting
 57152 | Vaults:5 | Identified the staff of conjuration "Xuata" {Str+3}
 57153 | Vaults:5 | Reached skill level 15 in Throwing
 57158 | Vaults:5 | Noticed a golden dragon
 57174 | Vaults:5 | Killed a golden dragon
 57174 | Vaults:5 | Received a gift from Trog
 57184 | Vaults:5 | Noticed a golden dragon
 57208 | Vaults:5 | Killed a golden dragon
 57313 | Vaults:5 | Reached skill level 15 in Armour
 57419 | Vaults:5 | Identified the amulet of Cevamylu {RegenMP rPois Int+4
                  | Dex+2}
 57665 | Vaults:5 | Identified the +0 short sword of the Tundras {protect, Fly
                  | Int+3}
 57679 | Vaults:5 | Found the +8 storm bow {elec, penet}
 57720 | Vaults:5 | Got a silver rune of Zot
 57800 | Vaults:5 | Identified the ring of Duputwyr {rCorr Dex+5 Stlth+}
 57873 | Vaults:5 | Identified the +1 dire flail "Sesuokh" {antimagic, rPois}
 58048 | Vaults:5 | Identified the +6 quarterstaff "Buroh" {vamp, rF+}
 58107 | Vaults:5 | Identified the +1 robe of Indomitability {rF+ rCorr SInv}
 58111 | Vaults:5 | Identified the +0 robe "Jeread" {rC+ Will++}
 58116 | Vaults:5 | Reached XP level 23. HP: 240/243 MP: 23/23
 58338 | Vaults:5 | Received a gift from Trog
 58608 | Vaults:5 | Identified the +9 great mace "Neguarae" {flame, *Rage rC+
                  | Will+ SInv}
 58995 | D:15     | Found a gateway to a bazaar.
 59031 | Bazaar   | Entered a bazaar
 59031 | Bazaar   | Found Sewemuepi's Jewellery Boutique.
 59031 | Bazaar   | Found Pak Acey's Distillery.
 59048 | Bazaar   | Found Ugrisyh's General Store.
 59057 | Bazaar   | Bought a potion of heal wounds for 60 gold pieces
 59082 | Bazaar   | Found Zunadun's Assorted Antiques.
 59088 | Bazaar   | Found Rograwui's General Store.
 59090 | Bazaar   | Bought a scroll of magic mapping for 105 gold pieces
 59090 | Bazaar   | Bought a scroll of fog for 56 gold pieces
 59090 | Bazaar   | Bought a scroll of teleportation for 42 gold pieces
 59132 | Bazaar   | Bought 2 potions of curing for 78 gold pieces
 59132 | Bazaar   | Bought 2 potions of curing for 78 gold pieces
 59132 | Bazaar   | Bought a potion of haste for 130 gold pieces
 59132 | Bazaar   | Bought 2 potions of heal wounds for 130 gold pieces
 59132 | Bazaar   | Bought a potion of curing for 39 gold pieces
 59153 | Bazaar   | Bought a scroll of enchant armour for 90 gold pieces
 59388 | D:15     | Found a staircase to the Depths.
 59846 | Depths:1 | Entered Level 1 of the Depths
 59857 | Depths:1 | Reached skill level 24 in Fighting
 59916 | Depths:1 | Found a one-way gate leading to the halls of Pandemonium.
 60478 | Depths:1 | Noticed Asterion
 60489 | Depths:1 | Killed Asterion
 60531 | Depths:1 | Found a one-way gate to the infinite horrors of the Abyss.
 60700 | Depths:1 | Found a gateway to Hell.
 61295 | Depths:2 | Received a gift from Trog
 62502 | Depths:2 | Noticed a juggernaut
 62519 | Depths:2 | Killed a juggernaut
 62614 | Depths:2 | Noticed a caustic shrike
 62643 | Depths:2 | Killed a caustic shrike
 62643 | Depths:2 | Received a gift from Trog
 62738 | Depths:2 | Reached skill level 25 in Fighting
 62740 | Depths:2 | Noticed a juggernaut
 62760 | Depths:2 | Killed a juggernaut
 62977 | Depths:2 | Found a white marble altar of Elyvilon.
 63297 | Depths:3 | Found a glowing golden altar of the Shining One.
 63503 | Depths:3 | Noticed Jory
 63575 | Depths:3 | Killed Jory
 63628 | Depths:3 | Reached XP level 24. HP: 143/260 MP: 23/23
 63969 | Depths:3 | Identified the +0 falchion of Olekh {heavy, Fly Str+4
                  | Int+3}
 64025 | Depths:3 | Received a gift from Trog
 64171 | Depths:3 | Found a one-way gateway to a ziggurat.
 64784 | Depths:4 | Entered Level 4 of the Depths
 65445 | Depths:4 | Reached skill level 26 in Fighting
 65467 | Depths:4 | Received a gift from Trog
 65586 | Depths:4 | Found Hyufez's Jewellery Boutique.
 65586 | Depths:4 | Found Hijig's Book Shop.
 65587 | Depths:4 | Found Coful's Book Boutique.
 65591 | Depths:4 | Found Tuunnezo's Distillery.
 65597 | Depths:4 | Bought a potion of resistance for 170 gold pieces
 65597 | Depths:4 | Bought a potion of heal wounds for 85 gold pieces
 65597 | Depths:4 | Bought a potion of heal wounds for 85 gold pieces
 65597 | Depths:4 | Bought a potion of curing for 51 gold pieces
 65597 | Depths:4 | Bought a potion of curing for 51 gold pieces
 65659 | Depths:4 | Found a gate to the Realm of Zot.
 65845 | Zot:1    | Entered Level 1 of the Realm of Zot
 65845 | Zot:1    | Noticed Vv
 65856 | Zot:1    | Killed Vv
 65913 | Zot:1    | Noticed Grunn
 66198 | Zot:1    | Killed Grunn
 66660 | Zot:2    | Noticed an orb of fire
 66664 | Zot:2    | Found a transporter.
 66721 | Zot:2    | Reached XP level 25. HP: 184/272 MP: 23/23
 66754 | Zot:2    | Received a gift from Trog
 66756 | Zot:2    | Killed an orb of fire
 66765 | Zot:2    | Found a transporter.
 66780 | Zot:2    | Identified the +10 plate armour of the Stonemason {Rampage
                  | rPois rCorr Str+3}
 66787 | Zot:2    | Identified the amulet "Ecu Ruem" {Spirit Contam rElec Will+
                  | Dex+9}
 66812 | Zot:2    | Identified the -2 cloak of Uskayaw's Hope {Regen+}
 67207 | Zot:2    | Reached skill level 27 in Fighting
 67753 | Zot:4    | Received a gift from Trog
 67790 | Zot:5    | Entered Level 5 of the Realm of Zot
 68301 | Zot:5    | Found the +4 dragonskin cloak
 68301 | Zot:5    | Noticed Tiamat
 68324 | Zot:5    | Noticed a Killer Klown
 68331 | Zot:5    | Noticed an ancient lich
 68332 | Zot:5    | Killed Tiamat
 68352 | Zot:5    | Killed a Killer Klown
 68355 | Zot:5    | Killed an ancient lich
 68367 | Zot:5    | Noticed an orb of fire
 68518 | Zot:5    | Killed an orb of fire
 68745 | Zot:5    | Noticed an orb of fire
 68752 | Zot:5    | Noticed an ancient lich
 68756 | Zot:5    | Gained mutation: Your body sometimes deteriorates upon
                  | taking damage. [an orb of fire]
 68760 | Zot:5    | Noticed an orb of fire
 68763 | Zot:5    | Killed an ancient lich
 68765 | Zot:5    | Noticed an orb of fire
 68767 | Zot:5    | Noticed an orb of fire
 68769 | Zot:5    | Gained mutation: You sometimes lose your temper in combat.
                  | [an orb of fire]
 69038 | Zot:5    | Reached skill level 10 in Shields
 69050 | Zot:5    | Killed an orb of fire
 69053 | Zot:5    | Gained mutation: You occasionally lose the ability to drink
                  | potions when taking damage. [an orb of fire]
 69061 | Zot:5    | Killed an orb of fire
 69062 | Zot:5    | Reached XP level 26. HP: 272/284 MP: 7/23
 69094 | Zot:5    | Noticed an orb of fire
 69099 | Zot:5    | Noticed an orb of fire
 69110 | Zot:5    | Killed an orb of fire
 69129 | Zot:5    | Killed an orb of fire
 69155 | Zot:5    | Received a gift from Trog
 69347 | Zot:5    | Lost mutation: Your body sometimes deteriorates upon taking
                  | damage. [potion of mutation]
 69347 | Zot:5    | Lost mutation: You occasionally lose the ability to drink
                  | potions when taking damage. [potion of mutation]
 69347 | Zot:5    | Lost mutation: You sometimes lose your temper in combat.
                  | [potion of mutation]
 69347 | Zot:5    | Gained mutation: Your tail ends in a venomous barb. [potion
                  | of mutation]
 69347 | Zot:5    | Gained mutation: You are strong-willed. (Will+) [potion of
                  | mutation]
 69347 | Zot:5    | Gained mutation: Your body sometimes deteriorates upon
                  | taking damage. [potion of mutation]
 69347 | Zot:5    | Gained mutation: You have supernaturally acute eyesight.
                  | (SInv) [potion of mutation]
 69347 | Zot:5    | Gained mutation: You are agile. (Dex +4, Str/Int -1)
                  | [potion of mutation]
 69480 | Zot:5    | Gained mutation: You have hidden genetic defects. [an orb
                  | of fire]
 69497 | Zot:5    | Killed an orb of fire
 69504 | Zot:5    | Killed an orb of fire
 69512 | Zot:5    | Noticed an orb of fire
 69528 | Zot:5    | Killed an orb of fire
 69546 | Zot:5    | Reached skill level 10 in Evocations
 69727 | Zot:5    | Noticed a dread lich
 69728 | Zot:5    | Noticed an orb of fire
 69729 | Zot:5    | Got the Orb of Zot
 69812 | Depths:4 | Noticed Dyiw the pandemonium lord
 69842 | Depths:4 | Killed Dyiw the pandemonium lord
 70272 | D:6      | Noticed Zeonnis the pandemonium lord
 70385 | D:$      | Escaped with the Orb!

Illustrated notes

Levels and vault maps discovered:
D:1:      heliophobic_arrival_glass_houses, layout_basic,
          ebering_ecumenical_altar_hall
D:2:      layout_rooms, serial_shops, nicolae_shop_just_a_little_nook
D:3:      minmay_diamond_boxcup, layout_rooms, gammafunk_temple_overflow_wave,
          roderic_serpentine_path
D:4:      layout_rooms, temple_statues, serial_shops, shop, shop,
          nicolae_stop_n_shop_1, st_stairs_13
D:5:      layout_loops_ring, serial_shops, nicolae_shop_peninsula, shop, shop,
          nicolae_stop_n_shop_1, nicolae_shop_overgrown_old_shop,
          serial_bayou_pond_a, chequers_jeans, dk_rats_in_the_wall, uniq_edmund
D:6:      layout_cave_pods
D:7:      layout_rooms, uniq_duvessa, uniq_maggie, uniq_joseph
D:8:      layout_basic, nicolae_overflow_hidden_temple, serial_shops, shop
D:9:      layout_cave_pools, minmay_shop_damaged
D:10:     layout_irregular_city, nicolae_uskayaw_dance_hall,
          minmay_lair_entry_grove, orc_david_3, roderic_lattice_a,
          nicolae_diode_basic
D:11:     layout_gridville, serial_nicolae_subway, nicolae_sub_station_stone,
          nicolae_sub_station_metal, nicolae_sub_station_crystal
D:12:     layout_basic, nemelex_diamond_rough_becter
D:13:     layout_stronghold, portal_ice_cave_entry_imps
D:14:     layout_rooms, grunt_vaults_entry_fortified, abandoned_shop
D:15:     grunt_enter_depths_hoard, layout_stronghold, minmay_misc_feat_square,
          serial_shops, bzr_in_the_mist
Lair:1:   layout_roguey, grunt_megastairs_5
Lair:2:   layout_cave_pods, nicolae_shoals_entry_roost,
          nicolae_spider_entry_lesser_pyramids, minmay_stone_trees_medium,
          nzn_sisyphean_effort
Lair:3:   layout_layer_cave, infiniplex_staircase_pool_2
Lair:4:   layout_cave_shapes, nicolae_slime_entry_field_trip
Lair:5:   grunt_lair_end_beastmaster, layout_regular_city, grunt_megastairs_2,
          uniq_sonja
Shoals:1: layout_shoals, nicolae_specific_store, nicolae_shoals_this_corrosion
Shoals:2: cheibrodos_shoals_baths, layout_shoals, uniq_ilsuiw
Shoals:3: layout_shoals, nicolae_shoals_wave_tunnel, uniq_donald,
          uniq_polyphemus
Shoals:4: shoals_end_hangedman, layout_shoals, shoals_ilsuiw_alternative,
          serial_shops, shop, uniq_mara
Spider:1: layout_spider_delve, uniq_rupert
Spider:2: layout_chambers
Spider:3: layout_chambers
Spider:4: grunt_spider_rune_circles, spiders_nest_the_unseen, uniq_arachne
Orc:1:    layout_caves, serial_shops, nicolae_shop_getting_attention,
          basic_altar, nicolae_orc_lost_temple
Orc:2:    grunt_orc_community_town_hall, layout_diamond_mine,
          grunt_orc_community_big_house_1, grunt_orc_community_big_house_2,
          grunt_orc_community_house_1, grunt_orc_community_house_2,
          grunt_orc_community_house_3, grunt_orc_community_house_1,
          grunt_orc_community_house_2, basic_altar, uniq_maurice
Elf:1:    eino_elf_arrival_the_gate, layout_geoelf_octagon,
          hangedman_elven_crosses_minicolossus
Elf:2:    elven_hall_of_blades_hangedman_original [nicolae_blade_lattice],
          layout_geoelf_octagon, serial_shops, shop, nicolae_fountain_basement
Elf:3:    minmay_elf_hall_x, layout_geoelf_diagonals, basic_altar
Vaults:1: v_misc_10, ontoclasm_vaults_claustrophobia,
          nicolae_vaults_trapezoid_lopsided_2, hangedman_vaults_corner,
          dpeg_vaults_hating_casters, ontoclasm_vaults_hangar,
          nicolae_vaults_closet_pinwheel_3, nicolae_vaults_angled_halls,
          nicolae_vaults_tetromino_Z_1, nicolae_vaults_surprise_closet,
          nicolae_vaults_tetromino_L_1, layout_vaults_chaotic_city
Vaults:2: ontoclasm_vaults_idyll, hangedman_vaults_cutoff,
          nicolae_vaults_back_hallway, v_alt_pattern_1,
          nicolae_vaults_angled_halls, minmay_crypt_entry_necro_gods, v_misc_31,
          vaults_mumra_bighexcomb, nicolae_vaults_six-pack,
          nicolae_vaults_closet_pinwheel_3, nicolae_vaults_hallways_thing,
          v_misc_11, vaults_mumra_chevron_long,
          nicolae_vaults_closet_pinwheel_3, nicolae_vaults_tetromino_T_1,
          hangedman_vaults_impose, layout_vaults_omnibox
Vaults:3: mu_enter_wizlab_2, vaults_room_fours,
          nicolae_vaults_closet_pinwheel_4, nicolae_vaults_closet_pinwheel_4,
          nicolae_vaults_tetromino_L_2, nicolae_vaults_ninety_degrees,
          nicolae_vaults_diffraction_hallways, nicolae_vaults_closet_pinwheel_1,
          v_rooms_5, vaults_room_stairs_pillars, vaults_dpeg_emergency_exit,
          v_alt_pattern_1, layout_vaults_maze_snakey
Vaults:4: v_misc_30, nicolae_vaults_windows_and_doors_thing,
          hangedman_vaults_locks, v_misc_4, v_misc_10,
          ontoclasm_vaults_ring_square, nicolae_vaults_trapezoid_lopsided_1,
          nicolae_vaults_specimen_jars, ontoclasm_vaults_decontamination,
          nicolae_vaults_house_1, vaults_dpeg_encased_lava,
          nicolae_vaults_tetromino_Z_2, layout_vaults_omnicross
Vaults:5
Crypt:1:  layout_gridlike, grunt_crypt_arrival_split, grunt_megastairs_4
Crypt:2:  layout_catacombs, pandoras_box_mu, grunt_megastairs_1,
          lemuel_upstairs_altar, uniq_frederick
Crypt:3:  lightli_unholy_cathedral, layout_chaotic_city,
          tomb_entry_forgotten_bobbens, nicolae_crypt_knee_deep_in_the_dead
Depths:1: layout_gridlike, hell_entry, rand_demon_pan_entry_8,
          roderic_nine_men_s_morris, abyss_entry_crystal,
          minmay_fractal_squares_diagonal_5, serial_bayou_shore_b,
          firewood_loft, uniq_asterion
Depths:2: hangedman_arch_fort, layout_cave_pools, pan_entry, hell_entry,
          abyss_entry, minmay_crystal_water, elyvilon_altar_4
Depths:3: minmay_connected_boxes_in_corner, layout_basic, enter_ziggurat_e,
          tso_metal_star, abyss_entry_glasseish, grunt_pan_entry_spiral,
          hangedman_tar_grid_catacomb, lightli_fourway_metalbox, uniq_jory
Depths:4: grunt_twist_and_shout, layout_cave_shapes, serial_bayou_shore_a,
          hell_entry, minmay_shoptagon, infiniplex_staircase_pool_lava,
          uniq_margery
Zot:1:    layout_cellular_growth, lemuel_flame_loot_1, uniq_josephina,
          uniq_grunn, uniq_vv
Zot:2:    gammafunk_the_bubble [the_bubble_gammafunk_split], layout_gridlike,
          zot_minivault_5
Zot:3:    layout_onion_interference, lemuel_baited_zot_trap,
          st_single_dragon_hoard_3, lemuel_elevator
Zot:4:    layout_basic, st_small_dragon_hoard_3
Zot:5:    layout_concentric_octagons, uniq_tiamat

Skill      XL: |  1  2  3  4  5  6  7  8  9 10 11 12 13 14 15 16 17 18 19 20 21 22 23 24 25 26 |
---------------+-------------------------------------------------------------------------------+-----
Maces & Flails | 3 4 5 7 8 |  8.2
Fighting       | 3 4 5 6 7 8 9 11 12 14 17 19 20 21 22 23 25 26 27 | 27.0
Stealth        | 1 3 4 5 6 7 8 |  8.5
Armour         | 3 4 5 6 7 10 11 12 13 14 15 16 20 22 | 22.6
Staves         | 1 2 4 |  4.2
Shields        | 1 2 3 4 5 6 10 13 | 13.5
Evocations     | 1 3 5 6 7 9 10 | 10.0
Throwing       | 1 3 4 6 7 8 10 11 12 13 14 16 | 16.7
Polearms       | 6 9 11 13 14 | 14.0
Dodging        | 4 5 6 9 11 12 13 | 13.6

Action                     |  1- 3 |  4- 6 |  7- 9 | 10-12 | 13-15 | 16-18 | 19-21 | 22-24 | 25-27 || total
---------------------------+-------+-------+-------+-------+-------+-------+-------+-------+-------++-------
  Melee: Mace              |    51 |       |       |       |       |       |       |       |       ||    51
         Tailslap          |     4 |    16 |    58 |   137 |   281 |   287 |   525 |   380 |   187 ||  1875
         Quarterstaff      |    40 |   129 |       |       |       |       |       |       |       ||   169
         Whip              |       |    35 |   430 |   259 |       |       |       |       |       ||   724
         Lance             |       |       |       |   525 |  1432 |  1182 |  1270 |  1453 |   504 ||  6366
         Demon trident     |       |       |       |       |    58 |   363 |   642 |   123 |   181 ||  1367
  Throw: Boomerang         |       |       |       |       |    10 |    25 |    16 |   243 |   173 ||   467
         Javelin           |       |       |       |       |     1 |       |     2 |     8 |    14 ||    25
         Dart              |       |       |       |       |     1 |       |       |       |       ||     1
         Throwing net      |       |       |       |       |     1 |       |       |       |       ||     1
 Invoke: Berserk           |     1 |     1 |     2 |     4 |     7 |     4 |     1 |     2 |     1 ||    23
         Trog's Hand       |       |     2 |     3 |     3 |     2 |     6 |     8 |    17 |    11 ||    52
         Brothers in Arms  |       |       |       |       |       |     2 |     5 |     9 |     5 ||    21
  Evoke: Wand              |       |       |       |     2 |     3 |       |     3 |     3 |    12 ||    23
         Box of beasts     |       |       |       |       |     2 |     2 |       |     1 |     1 ||     6
         Phial of floods   |       |       |       |       |       |     1 |       |       |     1 ||     2
         Condenser vane    |       |       |       |       |       |       |       |     1 |       ||     1
    Use: Scroll            |     1 |     8 |    11 |     7 |    14 |     6 |     7 |    10 |    13 ||    77
         Potion            |       |       |       |     1 |       |     5 |     8 |    20 |    37 ||    71
   Stab: Sleeping          |     3 |     8 |    10 |    14 |    45 |    52 |    61 |    15 |       ||   208
         Distracted        |       |       |       |     3 |     3 |     7 |    10 |     6 |     1 ||    30
         Petrified         |       |       |       |       |     5 |     1 |       |       |       ||     6
         Held in net/web   |       |       |       |       |     2 |     1 |       |       |       ||     3
         Paralysed         |       |       |       |       |       |       |     5 |       |       ||     5
         Invisible         |       |       |       |       |       |       |       |    12 |       ||    12
 Armour: Animal skin       |    54 |    93 |       |       |       |       |       |       |       ||   147
         Ring mail         |       |    11 |   108 |    52 |    15 |       |       |       |       ||   186
         Acid dragon scale |       |       |       |   307 |       |       |       |       |       ||   307
         Leather armour    |       |       |       |       |   499 |   664 |   979 |   295 |       ||  2437
         Gold dragon scale |       |       |       |       |       |       |       |   603 |   462 ||  1065
  Dodge: Dodged            |    45 |    69 |    77 |   216 |   414 |   352 |   505 |   315 |   185 ||  2178
  Block: Buckler           |       |     2 |    62 |   204 |   411 |   595 |   555 |   416 |   289 ||  2534
         Reflection        |       |       |       |       |    20 |    84 |    31 |    52 |    36 ||   223
